 Dungeon Crawl Stone Soup version 0.31.0-11-ge490571c62 (webtiles) character file.

Game seed: 6817056092639992755

70 qw the Shooter (level 4, -1/22 HPs)
             Began as a Spriggan Hunter on Feb 5, 2024.
             Slain by a +2 spectral club (8 damage)
             ... created by Ijyb
             ... on level 3 of the Dungeon.
             The game lasted 00:00:36 (1944 turns).

qw the Shooter (Spriggan Hunter)                    Turns: 1944, Time: 00:00:37

Health: -1/22      AC:  2    Str:  7    XL:     4   Next: 4%
Magic:  5/5        EV: 19    Int: 10    God:
Gold:   9          SH:  0    Dex: 20    Spells: 3/3 levels left

rFire   . . .        a - +0 shortbow
rCold   . . .        (shield currently unavailable)
rNeg    . . .        c - +0 robe
rPois   .            (helmet restricted)
rElec   .            (no cloak)
rCorr   .            (gloves unavailable)
SInv    +            (boots unavailable)
Will    .....        (no amulet)
Stlth   +            (no ring)
HPRegen 0.23/turn    (no ring)
MPRegen 0.09/turn

%: no passive effects
@: confused, brilliant, very quick
A: very small, no large weapons, unfitting armour, see invisible, speed 3
a: no special abilities


You were on level 3 of the Dungeon.
You visited 1 branch of the dungeon, and saw 3 of its levels.

You collected 49 gold pieces.
You spent 40 gold pieces at shops.


Innate Abilities, Weirdness & Mutations

You are very small and have problems with some larger weapons.
You are too small for most types of armour.
You have supernaturally acute eyesight. (SInv)
You cover ground extremely quickly. (Speed+++)


   Skills:
 - Level 1.5 Fighting
 - Level 5.0 Ranged Weapons
 + Level 4.2 Dodging
 - Level 1.5 Stealth


You had 3 spell levels left.
You didn't know any spells.
Your spell library was empty.

Inventory:

Hand Weapons
 a - a +0 shortbow (weapon)
Armour
 c - a +0 robe (worn)
Scrolls
 b - a scroll of amnesia {unknown}
Potions
 e - a potion of enlightenment

Dungeon Overview and Level Annotations

Branches:
Dungeon (3/15)

Altars:

Shops:
D:2 *

Annotations:
D:3 Ijyb


Message History

An orc comes into view. It is wielding a +0 hand axe.
You shoot an arrow. The orc shouts!
The arrow hits the orc.
The orc is severely wounded.
You shoot an arrow. The arrow hits the orc!
You kill the orc!
Ijyb the Twisted Goblin comes into view.
She is wielding a +2 spectral club and carrying a wand of charming.
You shoot an arrow. The arrow closely misses Ijyb.
Ijyb shouts!
You shoot an arrow. The arrow barely misses Ijyb.
Ijyb zaps a wand.
You easily resist.
You shoot an arrow. The arrow hits Ijyb.
Ijyb is lightly wounded.
Ijyb zaps a wand.
You easily resist.
You shoot an arrow. The arrow hits Ijyb.
Ijyb is heavily wounded.
You shoot an arrow. The arrow completely misses Ijyb.
You shoot an arrow. The arrow hits Ijyb.
Ijyb is severely wounded.
Ijyb zaps a wand.
Your will is overpowered!
You are confused.
1936 ||| DRINKING red potion.
It was a potion of brilliance.
You feel clever all of a sudden.
Ijyb zaps a wand.
Your will is overpowered!
You are more confused.
1937 ||| DRINKING amethyst potion.
It was a potion of heal wounds.
You feel much better. Ijyb barely misses you. The +2 spectral club hits you.
A +2 spectral club comes into view.
Ijyb closely misses you. The +2 spectral club hits you.
Ijyb zaps a wand.
Your will is overpowered!
You are more confused.
The +2 spectral club disappears.
Ijyb hits you with a +2 spectral club. The +2 spectral club barely misses you.
A +2 spectral club comes into view.
Ijyb closely misses you. The +2 spectral club hits you.
Ijyb completely misses you. The +2 spectral club misses you. Ijyb misses you.
The +2 spectral club hits you!
You die...

.%. #. #......# .......
#......# .....#.
#......# .....[.
##......# ##+#.#.
......... ......
........# #.#.#.
#......##### #.#...
#....@....#######.####
#..)g(.......%........
#..................###
#.....................
..........%.........###
####.................#
#........#######.##
#........# #.#
######..# #.#


You could see a +2 spectral club (wandering) and Ijyb.

Vanquished Creatures
  An adder (D:2)
  A ribbon worm (D:2)
  2 dart slugs
  5 orcs (D:3)
  5 bats
  2 endoplasms
  5 giant cockroaches
  4 hobgoblins
  4 jackals (D:1)
  3 kobolds
  5 quokkas
  3 frilled lizards (D:1)
  4 rats (D:1)
44 creatures vanquished.

Notes
Turn   | Place    | Note
-------+----------+-------------------------------------------
     0 | D:1      | qw the Spriggan Hunter began the quest for the Orb.
     0 | D:1      | Reached XP level 1. HP: 10/10 MP: 2/2
     0 | D:1      | 0 ||| qw: Version: 0.3-a-160-g6735b56
     0 | D:1      | 0 ||| qw: Game counter: 6470
     0 | D:1      | 0 ||| qw: Melee chars always use a shield: true
     0 | D:1      | 0 ||| qw: God list: Okawaru
     0 | D:1      | 0 ||| qw: Allow faded altars: false
     0 | D:1      | 0 ||| qw: Do Orc after clearing Dungeon:15 true
     0 | D:1      | 0 ||| qw: Do second Lair branch before Depths: true
     0 | D:1      | 0 ||| qw: Lair rune preference: random
     0 | D:1      | 0 ||| qw: Goals: Normal
     0 | D:1      | 0 ||| PLANNING D:1-11
    31 | D:1      | Reached skill level 3 in Dodging
    39 | D:1      | HP: 2/10 [rat (1)]
    42 | D:1      | Reached XP level 2. HP: 4/14 MP: 3/3
   836 | D:1      | Reached XP level 3. HP: 18/18 MP: 4/4
   977 | D:1      | 977 ||| READING scroll labelled GITAJOEC MYUGH.
   977 | D:1      | 977 ||| IDENTIFYING murky puce potion
   978 | D:1      | 978 ||| READING scroll labelled KURIALEDDI.
   979 | D:1      | 979 ||| DROPPING scroll of butterflies.
   980 | D:1      | 980 ||| DROPPING potion of invisibility.
  1333 | D:2      | Found Saefuy's General Store.
  1342 | D:2      | 1342 ||| READING scroll labelled SAIMMY MICACYIJI.
  1343 | D:2      | 1343 ||| READING scroll labelled HAESUBRIOZ.
  1344 | D:2      | 1344 ||| READING scroll labelled SELAL UROYPY.
  1352 | D:2      | 1352 ||| SHOPLISTING +2 robe of fire resistance (177 gold,
                  | have 49).
  1352 | D:2      | 1352 ||| SHOPLISTING ring of willpower (250 gold, have 49).
  1352 | D:2      | 1352 ||| BUYING scroll of identify (20 gold).
  1352 | D:2      | Bought a scroll of identify for 20 gold pieces
  1352 | D:2      | 1352 ||| BUYING scroll of identify (20 gold).
  1352 | D:2      | Bought a scroll of identify for 20 gold pieces
  1352 | D:2      | 1352 ||| SHOPLISTING scroll of identify (20 gold, have 9).
  1822 | D:2      | 1822 ||| READING 2 scrolls of identify.
  1822 | D:2      | 1822 ||| IDENTIFYING yellow potion
  1823 | D:2      | 1823 ||| READING scroll of identify.
  1823 | D:2      | 1823 ||| IDENTIFYING murky dark potion
  1824 | D:2      | 1824 ||| DROPPING potion of degeneration.
  1867 | D:3      | Reached skill level 5 in Ranged Weapons
  1916 | D:3      | Reached XP level 4. HP: 22/22 MP: 5/5
  1929 | D:3      | Noticed Ijyb
  1936 | D:3      | 1936 ||| DRINKING red potion.
  1937 | D:3      | 1937 ||| DRINKING amethyst potion.
  1944 | D:3      | Slain by a +2 spectral club

Levels and vault maps discovered:
D:1:      spicycebolla_green_bress_n_ham, layout_basic
D:2:      layout_basic, serial_shops, nicolae_shop_tiny_glass, chequers_avenue
D:3:      layout_basic, uniq_sigmund, uniq_ijyb

Skill      XL: |  1  2  3 |
---------------+----------+-----
Dodging        | 3 4 |  4.2
Ranged Weapons | 5 |  5.0
Fighting       | |  1.5
Stealth        | |  1.5

Action                     |  1- 3 |  4- 6 || total
---------------------------+-------+-------++-------
   Fire: Shortbow          |   126 |     8 ||   134
    Use: Scroll            |     7 |       ||     7
         Potion            |       |     2 ||     2
 Armour: Robe              |    33 |     5 ||    38
  Dodge: Dodged            |    63 |     7 ||    70

Table legend:
 A = Non-vault XP
 B = Vault XP
 C = Vault XP percentage of total XP
 D = Non-vault monster count
 E = Vault monster count
 F = Vault count percentage of total count
                 A         B        C        D         E       F
            +---------+---------+-------+---------+---------+-------
      Total |     101 |       0 |   0.0 |      44 |       0 |   0.0
            +---------+---------+-------+---------+---------+-------
        D:1 |      48 |       0 |   0.0 |      27 |       0 |   0.0
        D:2 |      30 |       0 |   0.0 |       9 |       0 |   0.0
        D:3 |      23 |       0 |   0.0 |       8 |       0 |   0.0
            +---------+---------+-------+---------+---------+-------
